 Dungeon Crawl Stone Soup version 0.29.1-2-gbd0b4ee654 (webtiles) character file.

Game seed: 6288517700033029259

114 Firos the Changer (level 4, -1/28 HPs)
             Began as an Octopode Transmuter on Nov 7, 2022.
             Slain by a sky beast (6 damage)
             ... on level 3 of the Dungeon.
             The game lasted 00:04:34 (2225 turns).

Firos the Changer (Octopode Transmuter)             Turns: 2225, Time: 00:04:34

Health: -1/28      AC:  2    Str:  9    XL:     4   Next: 97%
Magic:  6/9        EV: 19    Int: 17    God:
Gold:   97         SH:  5    Dex: 17    Spells: 3/9 levels left

rFire   . . .      SeeInvis .     - Unarmed
rCold   . . .      Faith    .   (shield currently unavailable)
rNeg    . . .      Spirit   .   (helmet currently unavailable)
rPois   x          Reflect  +   h - amulet of reflection
rElec   .          Harm     .   (no ring)
rCorr   .          Rampage  .   (no ring)
Will    .....                   (no ring)
Stlth   ++........              (no ring)
HPRegen 0.09/turn               (no ring)
MPRegen 0.11/turn               (no ring)
                                (no ring)
                                (no ring)

@: spider-form
A: venomous fangs, almost no armour, (amphibious), 8 rings, tiny, (camouflage
1), (gelatinous body 1), (nimble swimmer 1), (tentacles)
a: End Transformation


You were on level 3 of the Dungeon.
You were a venomous arachnid creature.
You visited 1 branch of the dungeon, and saw 3 of its levels.

You collected 97 gold pieces.

Inventory:

Missiles
 m - 2 throwing nets
Jewellery
 h - an amulet of reflection (around neck)
Wands
 d - a wand of flame (25)
 j - a wand of light (7)
Scrolls
 c - a scroll of enchant armour
 e - a scroll of fear {unknown}
 l - a scroll of enchant weapon {unknown}
 n - a scroll of summoning {unknown}
 p - a scroll of amnesia {unknown}
Potions
 a - a potion of lignification
 b - a potion of ambrosia
 f - a potion of attraction
 g - a potion of magic {unknown}
 i - a potion of curing {unknown}
 k - a potion of mutation {unknown}
 o - a potion of might {unknown}


   Skills:
 + Level 1.1 Fighting
 - Level 2.0 Dodging
 + Level 3.0 Unarmed Combat
 * Level 3.4 Spellcasting
 * Level 3.7 Transmutations


You had 3 spell levels left.
You knew the following spells:

 Your Spells              Type           Power      Damage    Failure   Level
a - Beastly Appendage     Tmut           30%        N/A       12%         1
b - Wereblood             Tmut           15%        N/A       16%         2
c - Spider Form           Tmut/Pois      9%         N/A       45%         3

Your spell library contained the following spells:

 Spells                   Type           Power      Damage    Failure   Level
 Ice Form                 Ice/Tmut       9%         N/A       80%         4


Dungeon Overview and Level Annotations

Branches:
Dungeon (3/15)

Altars:


Innate Abilities, Weirdness & Mutations

You are a venomous arachnid creature.
You have poisonous fangs.
You are tiny and dextrous.
Your spellcasting is less reliable in this form.
Your armour is entirely melded.
You are incapable of wielding weapons or throwing items.
You cannot wear most types of armour.
((You are amphibious.))
You can wear up to eight rings at the same time.
((Your skin changes colour to match your surroundings (Stealth+).))
((Your rubbery body absorbs attacks. (AC +1, EV +1)))
((You are camouflaged when in or above water. (Stealth+)))
((You have tentacles for arms and can constrict up to eight enemies at once.))


Message History

The spell is quite dangerous to miscast (24% risk of failure)!
Continue anyway?
You would drown in your new form.
Casting: Spider Form (quite dangerous; 24% risk of failure)
Confirm with . or Enter, or press ? or * to list all spells.
The spell is quite dangerous to miscast (24% risk of failure)!
Continue anyway?
You turn into a venomous arachnid creature.
You cannot enter water in your current form.
You cannot enter water in your current form.
You cannot enter water in your current form.
Your transformation is almost over.
A giant cockroach comes into view.
Found a stone staircase leading down.
There is a stone staircase leading up here.
There is a stone staircase leading down here.
You hit the giant cockroach but do no damage.
The giant cockroach is poisoned.
The giant cockroach misses you.
You hit the giant cockroach.
You kill the giant cockroach!
Your transformation has ended.
There is a stone staircase leading down here.
Casting: Spider Form (quite dangerous; 24% risk of failure)
Confirm with . or Enter, or press ? or * to list all spells.
The spell is quite dangerous to miscast (24% risk of failure)!
Continue anyway?
You turn into a venomous arachnid creature.
You block the sky beast's attack.
You hit the sky beast.
The sky beast is lightly wounded.
The sky beast misses you.
You hit the sky beast.
The sky beast is poisoned.
The sky beast is lightly wounded.
The sky beast flickers out of sight!
Deactivating autopickup; reactivate with Ctrl-A.
Something barely misses you.
You barely miss something. Something hits you but does no damage.
You hit something. Something hits you. Something shocks you.
You closely miss something. Something hits you. Something shocks you.
You barely miss something. Something hits you.
* * * LOW HITPOINT WARNING * * *
Something shocks you.
You die...

#.# #.# #.#
#.#
######.####.#
#...>..†....#
#.####<######
#.# #.# #s#
##.# #{# #..#
#.# #.## #.#
#.#
####.###.#
#≈≈≈≈≈≈≈.#
#≈#####≈.#
#≈.# # #≈.###


There were no monsters in sight!

Vanquished Creatures
  Terence (D:2)
  A gnoll (D:1)
  3 adders (D:2)
  2 worms
  5 endoplasms
  2 giant cockroaches
  3 goblins
  5 hobgoblins
  4 jackals (D:2)
  A quokka (D:1)
  5 ball pythons
  5 bats
  3 frilled lizards
  A kobold (D:1)
  9 rats
50 creatures vanquished.

Notes
Turn   | Place    | Note
-------+----------+-------------------------------------------
     0 | D:1      | Firos the Octopode Transmuter began the quest for the Orb.
     0 | D:1      | Reached XP level 1. HP: 13/13 MP: 3/3
   389 | D:1      | Reached XP level 2. HP: 13/18 MP: 5/5
   392 | D:1      | Learned a level 2 spell: Wereblood
   727 | D:1      | Reached XP level 3. HP: 23/23 MP: 6/6
   731 | D:1      | Learned a level 3 spell: Spider Form
  1196 | D:2      | Noticed Terence
  1207 | D:2      | Killed Terence
  1208 | D:2      | Reached XP level 4. HP: 23/28 MP: 3/8
  1930 | D:2      | Found a faded altar of an unknown god.
  2192 | D:3      | Noticed a sky beast
  2225 | D:3      | Slain by a sky beast

Illustrated notes

Levels and vault maps discovered:
D:1:      kennysheep_arrival_seaside, layout_rooms, minmay_misc_feat_iff,
          hangedman_abyss_or_decor_stabs, feat_on_display
D:2:      layout_rooms, basic_ecumenical_altar, uniq_terence
D:3:      minmay_inner_zag, layout_loops_ring, nicolae_overflow_two_pavilions,
          uniq_robin

Skill      XL: |  1  2  3 |
---------------+----------+-----
Transmutations | 3 |  3.7
Spellcasting   | 3 |  3.4
Fighting       | |  1.1
Dodging        | |  2.0
Unarmed Combat | |  3.0

Action                   |  1- 3 |  4- 6 || total
-------------------------+-------+-------++-------
Melee: Unarmed           |    63 |    52 ||   115
       Constrict         |    14 |     8 ||    22
       Tentacles         |     8 |     6 ||    14
       Punch             |     1 |     3 ||     4
       Kick              |     3 |     3 ||     6
 Cast: Beastly Appendage |     3 |     2 ||     5
       Spider Form       |     1 |     4 ||     5
       Wereblood         |     1 |       ||     1
  Use: Scroll            |       |     7 ||     7
 Stab: Sleeping          |     2 |     4 ||     6
Armor: Skin              |     6 |     7 ||    13
Dodge: Dodged            |    41 |    33 ||    74
Block: Other             |     2 |     6 ||     8
